 Dungeon Crawl Stone Soup version 0.31-a0-986-g5e6e4ef867 (webtiles) character file.

Game seed: 15810653223209987231

34 ytrimaz the Insei (level 3, -1/24 HPs)
             Began as an Octopode Shapeshifter on Nov 17, 2023.
             Killed by divine providence
             ... invoked by an orc priest
              (16 damage)
             ... on level 3 of the Dungeon.
             The game lasted 00:01:11 (943 turns).

ytrimaz the Insei (Octopode Shapeshifter)            Turns: 943, Time: 00:01:12

Health: -1/24      AC:  1    Str: 13    XL:     3   Next: 31%
Magic:  3/3        EV: 13    Int: 12    God:
Gold:   56         SH:  0    Dex: 13    Spells: 2/2 levels left

rFire   . .          .
                       - Unarmed
rCold   . . .        (no shield)
rNeg    . . .        (helmet currently unavailable)
rPois   .            (no amulet)
rElec   .            (no ring)
rCorr   .            (no ring)
SInv    .            (no ring)
Will    .....        (no ring)
Stlth   ++           (no ring)
HPRegen 0.24/turn    (no ring)
MPRegen 0.08/turn    (no ring)
                     (no ring)

%: no passive effects
@: beast-form
A: beast (slay +1), almost no armour, amphibious, 8 rings, camouflage 1,
gelatinous body 1, (nimble swimmer 1), tentacles
a: Begin Untransformation


You were on level 3 of the Dungeon.
You were a hulking beast.
You visited 1 branch of the dungeon, and saw 3 of its levels.

You collected 56 gold pieces.


Innate Abilities, Weirdness & Mutations

You are a hulking beast.
Your limbs bulge with bestial killing power. (Slay +1)
You cannot wear most types of armour.
You are amphibious.
You can wear up to eight rings at the same time.
Your skin changes colour to match your surroundings (Stealth+).
Your rubbery body absorbs attacks. (AC +1, EV +1)
((You are camouflaged when in or above water. (Stealth+)))
You have tentacles for arms and can constrict up to eight enemies at once.


   Skills:
 + Level 1.9 Fighting
 + Level 2.6 Dodging
 + Level 3.4 Unarmed Combat
 - Level 3.0 Shapeshifting


You had 2 spell levels left.
You didn't know any spells.
Your spell library was empty.

Inventory:

Talismans
 b - a beast talisman
 c - a flux talisman
Scrolls
 d - 3 scrolls of identify {unknown}
 g - a scroll of fear {unknown}
Potions
 a - a potion of lignification
 e - a potion of brilliance {unknown}
 f - a potion of curing {unknown}

Dungeon Overview and Level Annotations

Branches:
Dungeon (2/15) Zot: 17059

Altars:

Shops:
D:1

* ## #.
### #.##..
.... #..#
#..#
####[.####
#.......o#
#.######h#
#...##.o.#
###.##.###
#.#.##.
#.#### #.
#


You could see an orc priest and an orc.


Message History

You now have 48 gold pieces (gained 15).
You open the door.
There is an open door here.
Key pressed, stopping explore.
No target in view!
No target in view!
There is an open door here.
Key pressed, stopping explore.
Key pressed, stopping explore.
No target in view!
No target in view!
Key pressed, stopping explore.
Key pressed, stopping explore.
No target in view!
Key pressed, stopping explore.
No target in view!
You now have 56 gold pieces (gained 8).
d - 3 scrolls labelled DUN UZAMAVATAH (gained 1)
You see here a +0 dagger.
You see here 8 stones.
You see here 4 stones.
A ball python comes into view.
The ball python hisses angrily.
You closely miss the ball python. Your grab misses the ball python.
The ball python bites you but does no damage.
The ball python closely misses you.
You closely miss the ball python. You grab the ball python.
You constrict the ball python. The ball python bites you.
The ball python barely misses you. 😕 HP[-2]
You take 2 damage, and now have 17/19 hp.
You tentacle-slap the ball python. You constrict the ball python.
You kill the ball python!
You have reached level 3!
Your experience leads to an increase in your attributes!
Increase (S)trength, (I)ntelligence, or (D)exterity?
You feel agile. x2 😕 HP[+5] MP[+1]
You now have 24 max hp (+5).
You regained 5 hp, and now have 22/24 hp.
Your mp is fully restored (3).
Done exploring. 😎 HP[+2]
Your hp is fully restored (24).
Done exploring.
Done exploring.
There is a stone staircase leading down here.
You climb downwards.
There is a stone staircase leading up here.
Key pressed, stopping explore.
You open the door.
Found a stone staircase leading down.
No target in view!
An adder comes into view.
There is an open door here.
You see here a scroll labelled RAYNOMELEN.
An adder is nearby!
An adder is nearby!
You miss the adder. Your grab misses the adder. You squeeze the adder!
The adder misses you.
Unknown command.
You tentacle-slap the adder.
You kill the adder!
No target in view!
g - a scroll labelled RAYNOMELEN A malevolent force fills the Dungeon...
You fall into a shaft and drop 1 floor!
The shaft crumbles and collapses.
You see here a +0 ring mail.
An orc priest comes into view. It is wielding a +0 club.
An orc priest is nearby!
An orc priest is nearby!
Unknown command.
No target in view!
No target in view!
The orc priest shouts!
You tentacle-slap the orc priest but do no damage.
You grab the orc priest.
You constrict the orc priest, but do no damage.
Unknown command.
You tentacle-slap the orc priest.
You constrict the orc priest, but do no damage.
The orc priest barely misses you.
You tentacle-slap the orc priest but do no damage.
You constrict the orc priest.
The orc priest hits you with a +0 club. 😕 HP[-3]
You take 3 damage, and now have 21/24 hp.
Unknown command.
You release your grip on the orc priest.
An orc comes into view. It is wielding a +0 falchion.
The orc priest barely misses you.
The orc shouts!
You tentacle-slap the orc priest but do no damage.
You grab the orc priest. You constrict the orc priest.
You hear a shout!
The orc hits you with a +0 falchion.
The orc priest invokes the aid of Beogh against you.
Beogh smites you!
Ouch! That really hurt!
You die...

Action                     || total
---------------------------++-------
  Melee: Unarmed           ||    47
         Tentacles         ||    12
         Constrict         ||    10
         Punch             ||     2
   Stab: Sleeping          ||     1
 Armour: Skin              ||    25
  Dodge: Dodged            ||    47

Levels and vault maps discovered:
D:1:      elethiomel_arrival_maze, layout_loops_ring,
          ebering_ecumenical_altar_mist, serial_shops,
          nicolae_shop_window_shopping
D:2:      layout_basic, uniq_robin
D:3:      layout_loops_ring, mainiacjoe_overflow_brackets,
          mainiacjoe_overflow_swirl, bh_walls_and_bars

Notes
Turn   | Place    | Note
-------+----------+-------------------------------------------
     0 | D:1      | ytrimaz the Octopode Shapeshifter began the quest for the
                  | Orb.
     0 | D:1      | Reached XP level 1. HP: 13/13 MP: 1/1
     0 | D:1      | magus.rc [v1.9.6]
   223 | D:1      | Found Hutal's General Store.
   244 | D:1      | Reached XP level 2. HP: 18/18 MP: 2/2
   335 | D:1      | Found a faded altar of an unknown god.
   842 | D:1      | Reached XP level 3. HP: 22/24 MP: 3/3
   922 | D:2      | You fall into a shaft and drop 1 floor!
   943 | D:3      | Killed from afar by an orc priest

Vanquished Creatures
  An adder (D:2)
  A ball python (D:1)
  A bat (D:1)
  An endoplasm (D:1)
  3 giant cockroaches (D:1)
  A goblin (D:1)
  8 jackals (D:1)
  A kobold (D:1)
  3 rats (D:1)
20 creatures vanquished.

Table legend:
 A = Non-vault XP
 B = Vault XP
 C = Vault XP percentage of total XP
 D = Non-vault monster count
 E = Vault monster count
 F = Vault count percentage of total count
                 A         B        C        D         E       F
            +---------+---------+-------+---------+---------+-------
      Total |      49 |       0 |   0.0 |      20 |       0 |   0.0
            +---------+---------+-------+---------+---------+-------
        D:1 |      35 |       0 |   0.0 |      19 |       0 |   0.0
        D:2 |      14 |       0 |   0.0 |       1 |       0 |   0.0
            +---------+---------+-------+---------+---------+-------

Action                     || total
---------------------------++-------
  Melee: Unarmed           ||    47
         Tentacles         ||    12
         Constrict         ||    10
         Punch             ||     2
   Stab: Sleeping          ||     1
 Armour: Skin              ||    25
  Dodge: Dodged            ||    47

Illustrated notes

Table legend:
 A = Kills in this place as a percentage of kills in the entire game.
 B = Kills by you in this place as a percentage of kills by you in the entire game.
 C = Kills by friends in this place as a percentage of kills by friends in the entire game.
 D = Other kills in this place as a percentage of other kills in the entire game.
 E = Experience gained in this place as a percentage of experience gained in the entire game.
 F = Experience gained in this place divided by the number of levels of this place that you have seen.
                   A       B       C       D       E      F
               +-------+-------+-------+-------+-------+----------------------
         Total | 100.0 | 100.0 |   N/A |   N/A | 100.0 |  16.3
       Dungeon | 100.0 | 100.0 |   N/A |   N/A | 100.0 |  16.3
               +-------+-------+-------+-------+-------+----------------------

Table legend: (Time is in decaauts)
 A = Elapsed time spent in this place.
 B = Non-inter-level travel time spent in this place.
 C = Inter-level travel time spent in this place.
 D = Time resting spent in this place.
 E = Time spent auto-exploring this place.
 F = Levels seen in this place.
 G = Mean time per level.
                   A        B        C        D        E       F      G
               +--------+--------+--------+--------+--------+-----+--------+
         Total |    939 |    933 |      6 |      0 |    778 |   3 |  313.0 |
       Dungeon |    939 |    933 |      6 |      0 |    778 |   3 |  313.0 |
               +--------+--------+--------+--------+--------+-----+--------+

Top non-repeatable levels by time:
     D:1: 866 daAuts
     D:2: 52 daAuts
     D:3: 20 daAuts
